TOP OF THE 1ST |
Erie Jaxx batting - Pitching for Minnesota Death Stars : RHP Gilbert Bright
|
Pitching: RHP Gilbert Bright
|
|
Batting: RHB Júlio Hernández
|
0-0: Called Strike 0-1: Ball 1-1: Foul Ball, location: 2F 1-2: Ball 2-2: Ground out 5-3 (Groundball, 5S)
|
Batting: SHB José Durango
|
0-0: Called Strike 0-1: Ball 1-1: Foul Ball, location: 2F 1-2: Foul Ball, location: 2F 1-2: Fly out, F8 (Flyball, 8LM)
|
Batting: LHB Josh Pérez
|
0-0: Called Strike 0-1: Foul Ball, location: 2F 0-2: Ball 1-2: Ball 2-2: Foul Ball, location: 2F 2-2: Ball 3-2: Fly out, F7 (Flyball, 78D)
|
Top of the 1st over - 0 run(s), 0 hit(s), 0 error(s), 0 left on base; Erie 0 - Minnesota 0 |
BOTTOM OF THE 1ST |
Minnesota Death Stars batting - Pitching for Erie Jaxx : RHP Steve Bigham
|
Pitching: RHP Steve Bigham
|
|
Batting: LHB Júlio Córdova
|
0-0: Ball 1-0: Ball 2-0: Called Strike 2-1: Foul Ball, location: 2F 2-2: Foul Ball, location: 2F 2-2: Foul Ball, location: 2F 2-2: Ball 3-2: Strikes out looking
|
Batting: RHB Mike Wagner
|
0-0: Called Strike 0-1: Foul Ball, location: 2F 0-2: Ball 1-2: Foul Ball, location: 2F 1-2: Strikes out looking
|
Batting: RHB William Robinson
|
0-0: Called Strike 0-1: Foul Ball, location: 2F 0-2: Ball 1-2: Foul Ball, location: 2F 1-2: Ball 2-2: Ball 3-2: Base on Balls
|
Batting: RHB Christian Moss
|
0-0: Ball William Robinson is caught stealing 2nd base
|
Bottom of the 1st over - 0 run(s), 0 hit(s), 0 error(s), 0 left on base; Erie 0 - Minnesota 0 |
TOP OF THE 2ND |
Erie Jaxx batting - Pitching for Minnesota Death Stars : RHP Gilbert Bright
|
Batting: SHB Michael Field
|
0-0: Ball 1-0: Foul Ball, location: 2F 1-1: DOUBLE (Flyball, 8RXD)
|
Batting: LHB Jim Knight
|
0-0: Ball 1-0: Called Strike 1-1: Ball 2-1: Foul Ball, location: 2F 2-2: Ball 3-2: Foul Ball, location: 2F 3-2: Base on Balls
|
Batting: RHB Andrés Silva
|
0-0: Ball 1-0: Foul Ball, location: 2F 1-1: Ball 2-1: Foul Ball, location: 2F 2-2: Ball 3-2: Strikes out swinging
|
Batting: RHB Ángel Serrano
|
0-0: Called Strike 0-1: Swinging Strike 0-2: Ball 1-2: Ball 2-2: Ball 3-2: Strikes out swinging
|
Batting: RHB Alfredo Ramírez
|
0-0: Called Strike 0-1: Foul Ball, location: 2F 0-2: Fielders Choice at 2nd, 4-6 (Groundball, 4)
|
Top of the 2nd over - 0 run(s), 1 hit(s), 0 error(s), 1 left on base; Erie 0 - Minnesota 0 |
BOTTOM OF THE 2ND |
Minnesota Death Stars batting - Pitching for Erie Jaxx : RHP Steve Bigham
|
Batting: RHB Christian Moss
|
0-0: Fly out, F6 (Line Drive, 6)
|
Batting: RHB Raúl Flores
|
0-0: Ball 1-0: Ball 2-0: Foul Ball, location: 2F 2-1: Called Strike 2-2: Strikes out looking
|
Batting: LHB Shannon Hunter
|
0-0: Ball 1-0: Ground out 3-1 (Groundball, 34)
|
Bottom of the 2nd over - 0 run(s), 0 hit(s), 0 error(s), 0 left on base; Erie 0 - Minnesota 0 |
TOP OF THE 3RD |
Erie Jaxx batting - Pitching for Minnesota Death Stars : RHP Gilbert Bright
|
Batting: RHB Ed Keesee
|
0-0: Called Strike 0-1: Ball 1-1: Ball 2-1: Ball 3-1: Foul Ball, location: 2F 3-2: Foul Ball, location: 2F 3-2: Foul Ball, location: 2F 3-2: Ground out 5-3 (Groundball, 56)
|
Batting: RHB Júlio Hernández
|
0-0: Called Strike 0-1: Ball 1-1: Ball 2-1: Ground out 6-3 (Groundball, 6)
|
Batting: SHB José Durango
|
0-0: Called Strike 0-1: Ball 1-1: Ground out 6-3 (Groundball, 6S)
|
Top of the 3rd over - 0 run(s), 0 hit(s), 0 error(s), 0 left on base; Erie 0 - Minnesota 0 |
BOTTOM OF THE 3RD |
Minnesota Death Stars batting - Pitching for Erie Jaxx : RHP Steve Bigham
|
Batting: RHB Kel Weeks
|
0-0: Ball 1-0: Foul Ball, location: 2F 1-1: Ball 2-1: Foul Ball, location: 2F 2-2: Foul Ball, location: 2F 2-2: SINGLE (Groundball, 5D)
|
Batting: RHB Vaughan Tillman
|
0-0: Ball 1-0: Swinging Strike 1-1: Ball 2-1: Foul Ball, location: 2F 2-2: Strikes out looking
|
Batting: RHB Pat Bray
|
0-0: Ball 1-0: Ball 2-0: Called Strike 2-1: Reached on error, E5 (Groundball, 56) Kel Weeks to second
|
Batting: LHB Júlio Córdova
|
0-0: Called Strike 0-1: Swinging Strike 0-2: Ball 1-2: Strikes out looking
|
Batting: RHB Mike Wagner
|
0-0: Fly out, F3 (Popup, 3S)
|
Bottom of the 3rd over - 0 run(s), 1 hit(s), 1 error(s), 2 left on base; Erie 0 - Minnesota 0 |
TOP OF THE 4TH |
Erie Jaxx batting - Pitching for Minnesota Death Stars : RHP Gilbert Bright
|
Batting: LHB Josh Pérez
|
0-0: Called Strike 0-1: Hit by Pitch
|
Batting: SHB Michael Field
|
0-0: Called Strike 0-1: Ball 1-1: Fielders Choice at 2nd, 4-6 (Groundball, 4)
|
Batting: LHB Jim Knight
|
0-0: Ball 1-0: Ball 2-0: Ball 3-0: Called Strike 3-1: Base on Balls Michael Field to second
|
Batting: RHB Andrés Silva
|
0-0: Called Strike 0-1: Foul Ball, location: 2F 0-2: Ball 1-2: SINGLE (Line Drive, 9S) Michael Field to third Jim Knight to second
|
Batting: RHB Ángel Serrano
|
0-0: Ball 1-0: Called Strike 1-1: Swinging Strike 1-2: Strikes out swinging
|
Batting: RHB Alfredo Ramírez
|
0-0: Called Strike 0-1: Ground out 1-3 (Groundball, 15S)
|
Top of the 4th over - 0 run(s), 1 hit(s), 0 error(s), 3 left on base; Erie 0 - Minnesota 0 |
BOTTOM OF THE 4TH |
Minnesota Death Stars batting - Pitching for Erie Jaxx : RHP Steve Bigham
|
Batting: RHB William Robinson
|
0-0: Ground out 5-3 (Groundball, 25)
|
Batting: RHB Christian Moss
|
0-0: Called Strike 0-1: Swinging Strike 0-2: Foul Ball, location: 2F 0-2: Ball 1-2: Ball 2-2: Strikes out looking
|
Batting: RHB Raúl Flores
|
0-0: Foul Ball, location: 2F 0-1: Ball 1-1: Ball 2-1: Swinging Strike 2-2: Foul Ball, location: 2F 2-2: Foul Ball, location: 2F 2-2: Ball 3-2: Foul Ball, location: 2F 3-2: Base on Balls
|
Batting: LHB Shannon Hunter
|
0-0: Called Strike 0-1: SINGLE (Flyball, 8LS) Raúl Flores to second Runner from 2nd tries for 3rd, SAFE, throw made to third Shannon Hunter to second
|
Batting: RHB Kel Weeks
|
0-0: Called Strike 0-1: Swinging Strike 0-2: Ground out 5-3 (Groundball, 56)
|
Bottom of the 4th over - 0 run(s), 1 hit(s), 0 error(s), 2 left on base; Erie 0 - Minnesota 0 |
TOP OF THE 5TH |
Erie Jaxx batting - Pitching for Minnesota Death Stars : RHP Gilbert Bright
|
Batting: RHB Ed Keesee
|
0-0: Foul Ball, location: 2F 0-1: DOUBLE (Line Drive, 9)
|
Batting: RHB Júlio Hernández
|
0-0: Ball 1-0: Ball 2-0: Called Strike 2-1: Ball 3-1: Called Strike 3-2: Base on Balls
|
Pitching: RHP Rubén Barrera
|
|
Batting: SHB José Durango
|
0-0: Ball 1-0: Ball 2-0: Ball 3-0: Base on Balls Ed Keesee to third Júlio Hernández to second
|
Batting: LHB Josh Pérez
|
0-0: Ball 1-0: Foul Ball, location: 2F 1-1: Ball 2-1: Ground out U3 (Groundball, 34S) Ed Keesee scores Júlio Hernández to third José Durango to second
|
Batting: SHB Michael Field
|
0-0: Ball 1-0: Called Strike 1-1: Ball 2-1: Ball 3-1: SINGLE (Flyball, 89S) Júlio Hernández scores José Durango to third Runner from 3rd tries for Home, SAFE, throw made home
|
Batting: LHB Jim Knight
|
0-0: Called Strike 0-1: Ball 1-1: Ball 2-1: Swinging Strike 2-2: Ball 3-2: Strikes out swinging
|
Batting: RHB Andrés Silva
|
0-0: Ball 1-0: Ball 2-0: Ball 3-0: Base on Balls Michael Field to second
|
Batting: RHB Ángel Serrano
|
0-0: Ball 1-0: Ball 2-0: Swinging Strike 2-1: Foul Ball, location: 2F 2-2: Foul Ball, location: 2F 2-2: Ball 3-2: SINGLE (Groundball, 6D) Michael Field to third Andrés Silva to second Michael Field scores Andrés Silva to third
|
Batting: RHB Alfredo Ramírez
|
0-0: Ball 1-0: Ball 2-0: Ball 3-0: Called Strike 3-1: Base on Balls Ángel Serrano to second
|
Batting: RHB Ed Keesee
|
0-0: Ball 1-0: Foul Ball, location: 2F 1-1: Swinging Strike 1-2: Foul Ball, location: 2F 1-2: Fielders Choice at 2nd, 5-4 (Groundball, 56)
|
Top of the 5th over - 4 run(s), 3 hit(s), 0 error(s), 2 left on base; Erie 4 - Minnesota 0 |
BOTTOM OF THE 5TH |
Minnesota Death Stars batting - Pitching for Erie Jaxx : RHP Steve Bigham
|
Batting: RHB Vaughan Tillman
|
0-0: Ball 1-0: Ball 2-0: Ball 3-0: Called Strike 3-1: Base on Balls
|
Batting: RHB Pat Bray
|
0-0: Called Strike 0-1: Swinging Strike 0-2: Strikes out swinging
|
Batting: LHB Júlio Córdova
|
0-0: Ball 1-0: Called Strike 1-1: Fielders Choice at 2nd, 3-6 (Groundball, 3)
|
Batting: RHB Mike Wagner
|
0-0: Called Strike 0-1: Called Strike 0-2: Fly out, F8 (Flyball, 8RM)
|
Bottom of the 5th over - 0 run(s), 0 hit(s), 0 error(s), 1 left on base; Erie 4 - Minnesota 0 |
TOP OF THE 6TH |
Erie Jaxx batting - Pitching for Minnesota Death Stars : RHP Rubén Barrera
|
Batting: RHB Júlio Hernández
|
0-0: DOUBLE (Line Drive, 7LM)
|
Batting: SHB José Durango
|
0-0: Ground out U3 (Groundball, 3L) Júlio Hernández to third
|
Batting: LHB Josh Pérez
|
0-0: Called Strike 0-1: Swinging Strike 0-2: Foul Ball, location: 2F 0-2: Ball 1-2: Ball 2-2: Strikes out swinging
|
Batting: SHB Michael Field
|
0-0: Ball 1-0: Called Strike 1-1: Ball 2-1: Swinging Strike 2-2: Ball 3-2: Base on Balls
|
Batting: LHB Jim Knight
|
0-0: Fly out, F8 (Flyball, 8RM)
|
Top of the 6th over - 0 run(s), 1 hit(s), 0 error(s), 2 left on base; Erie 4 - Minnesota 0 |
BOTTOM OF THE 6TH |
Minnesota Death Stars batting - Pitching for Erie Jaxx : RHP Steve Bigham
|
Batting: RHB William Robinson
|
0-0: Called Strike 0-1: Foul Ball, location: 2F 0-2: Foul Ball, location: 2F 0-2: Ball 1-2: Ball 2-2: Ball 3-2: Strikes out swinging, 2-3 out at first.
|
Pitching: RHP Mauro Vásquez
|
|
Batting: RHB Christian Moss
|
0-0: Ball 1-0: Foul Ball, location: 2F 1-1: Ball 2-1: Ground out 5-3 (Groundball, 56)
|
Batting: RHB Raúl Flores
|
0-0: Ball 1-0: DOUBLE (Line Drive, 7LM)
|
Batting: LHB Shannon Hunter
|
0-0: Foul Ball, location: 2F 0-1: Ball 1-1: Ball 2-1: Ball 3-1: SINGLE (Groundball, 34D) Raúl Flores to third Runner from 3rd tries for Home, SAFE, no throw
|
Batting: RHB Kel Weeks
|
0-0: Foul Ball, location: 2F 0-1: Called Strike 0-2: Ball 1-2: Fielders Choice at 2nd, 6-4 (Groundball, 6)
|
Bottom of the 6th over - 1 run(s), 2 hit(s), 0 error(s), 0 left on base; Erie 4 - Minnesota 1 |
TOP OF THE 7TH |
Erie Jaxx batting - Pitching for Minnesota Death Stars : RHP Rubén Barrera
|
Batting: RHB Andrés Silva
|
0-0: Foul Ball, location: 2F 0-1: Foul Ball, location: 2F 0-2: Ball 1-2: Strikes out swinging
|
Batting: RHB Ángel Serrano
|
0-0: Called Strike 0-1: Foul Ball, location: 2F 0-2: Ball 1-2: Ball 2-2: SINGLE (Line Drive, 4)
|
Batting: RHB Alfredo Ramírez
|
0-0: Swinging Strike 0-1: Ball 1-1: Ball 2-1: Ball 3-1: SINGLE (Flyball, 9LM) Ángel Serrano to second Runner from 2nd tries for 3rd, SAFE, throw made to third Alfredo Ramírez to second
|
Batting: RHB Ed Keesee
|
0-0: Called Strike 0-1: Fly out, F8 (Line Drive, 8RM) Runner from 3rd tags up, SCORES, throw made
|
Pitching: RHP Jerry Catron
|
|
Batting: RHB Júlio Hernández
|
0-0: Ball 1-0: Ball 2-0: Swinging Strike 2-1: Foul Ball, location: 2F 2-2: Foul Ball, location: 2F 2-2: Ball 3-2: Base on Balls
|
Batting: SHB José Durango
|
0-0: Called Strike 0-1: Ball 1-1: Fielders Choice at 2nd, 4-6 (Groundball, 4)
|
Top of the 7th over - 1 run(s), 2 hit(s), 0 error(s), 1 left on base; Erie 5 - Minnesota 1 |
BOTTOM OF THE 7TH |
Minnesota Death Stars batting - Pitching for Erie Jaxx : RHP Mauro Vásquez
|
Batting: RHB Vaughan Tillman
|
0-0: Called Strike 0-1: Swinging Strike 0-2: Strikes out looking
|
Batting: RHB Pat Bray
|
0-0: Called Strike 0-1: Fly out, F9 (Flyball, 9LMF)
|
Batting: LHB Júlio Córdova
|
0-0: Foul Ball, location: 2F 0-1: Ball 1-1: Called Strike 1-2: Ground out 4-3 (Groundball, 4)
|
Bottom of the 7th over - 0 run(s), 0 hit(s), 0 error(s), 0 left on base; Erie 5 - Minnesota 1 |
TOP OF THE 8TH |
Erie Jaxx batting - Pitching for Minnesota Death Stars : RHP Jerry Catron
|
Batting: LHB Josh Pérez
|
0-0: Ball 1-0: Ball 2-0: Ball 3-0: Base on Balls
|
Batting: SHB Michael Field
|
0-0: Ball 1-0: Ball Josh Pérez steals 2nd base 2-0: Intentional Walk
|
Batting: LHB Jim Knight
|
0-0: Swinging Strike 0-1: Ball 1-1: Called Strike 1-2: Ball 2-2: Ball 3-2: Ground out 6-3 (Groundball, 6) Josh Pérez to third Michael Field to second
|
Batting: RHB Andrés Silva
|
0-0: Called Strike 0-1: Ground out 6-3 (Groundball, 6) Josh Pérez scores
|
Batting: RHB Ángel Serrano
|
0-0: Ground out 4-3 (Groundball, 4S)
|
Top of the 8th over - 1 run(s), 0 hit(s), 0 error(s), 1 left on base; Erie 6 - Minnesota 1 |
BOTTOM OF THE 8TH |
Minnesota Death Stars batting - Pitching for Erie Jaxx : RHP Mauro Vásquez
|
Now at C: José Hernández
|
|
Now at 1B: Edgardo Castro
|
|
Now in RF: William Wilson
|
|
Batting: RHB Mike Wagner
|
0-0: Called Strike 0-1: Swinging Strike 0-2: Fly out, F8 (Flyball, 8RM)
|
Batting: RHB William Robinson
|
0-0: Called Strike 0-1: Foul Ball, location: 2F 0-2: SINGLE (Groundball, 56) (infield hit)
|
Batting: RHB Christian Moss
|
0-0: Ball 1-0: Called Strike 1-1: Foul Ball, location: 2F 1-2: Ball 2-2: Strikes out swinging
|
Batting: RHB Raúl Flores
|
0-0: Ball 1-0: Foul Ball, location: 2F 1-1: Called Strike 1-2: Ball 2-2: Ball 3-2: Base on Balls William Robinson to second
|
Batting: LHB Shannon Hunter
|
0-0: Fielders Choice at 2nd, 6-4 (Groundball, 6)
|
Bottom of the 8th over - 0 run(s), 1 hit(s), 0 error(s), 1 left on base; Erie 6 - Minnesota 1 |
TOP OF THE 9TH |
Erie Jaxx batting - Pitching for Minnesota Death Stars : RHP Jerry Catron
|
Batting: RHB Alfredo Ramírez
|
0-0: Called Strike 0-1: Ball 1-1: Called Strike 1-2: Ball 2-2: SINGLE (Flyball, 78S)
|
Batting: RHB Ed Keesee
|
0-0: Called Strike 0-1: Fielders Choice at 2nd, 3-6 (Groundball, 34)
|
Batting: RHB Júlio Hernández
|
0-0: Called Strike Ed Keesee is caught stealing 2nd base 0-1: Foul Ball, location: 2F 0-2: Ball 1-2: Strikes out swinging
|
Top of the 9th over - 0 run(s), 1 hit(s), 0 error(s), 0 left on base; Erie 6 - Minnesota 1 |
BOTTOM OF THE 9TH |
Minnesota Death Stars batting - Pitching for Erie Jaxx : RHP Mauro Vásquez
|
Batting: RHB Kel Weeks
|
0-0: Ground out 6-3 (Groundball, 6)
|
Batting: RHB Vaughan Tillman
|
0-0: Called Strike 0-1: Foul Ball, location: 2F 0-2: Strikes out swinging
|
Batting: RHB Pat Bray
|
0-0: Called Strike 0-1: Ball 1-1: Swinging Strike 1-2: Strikes out swinging
|
Bottom of the 9th over - 0 run(s), 0 hit(s), 0 error(s), 0 left on base; Erie 6 - Minnesota 1 |
|